 Dungeon Crawl Stone Soup version 0.26.1-11-gd32895ea62 (webtiles) character file.

Game seed: 10647227288337917107

21 Ijustatesigmund the Skirmisher (level 2, -1/21 HPs)
             Began as an Octopode Fighter on July 14, 2021.
             Slain by Sigmund
             ... wielding a +4 scythe of freezing
              (3 damage)
             ... on level 2 of the Dungeon.
             The game lasted 00:00:49 (1012 turns).

Ijustatesigmund the Skirmisher (Octopode Fighter)   Turns: 1012, Time: 00:00:50

Health: -1/21      AC:  1    Str: 15    XL:     2   Next: 83%
Magic:  2/2        EV: 11    Int: 10    God:
Gold:   60         SH:  8    Dex: 11    Spells: 1/1 levels left

rFire    . . .     SeeInvis .   a - +0 flail
rCold    . . .     Faith    .   b - +0 kite shield
rNeg     . . .     Spirit   .   (helmet restricted)
rPois    .         Reflect  .   (no amulet)
rElec    .         Harm     .   (no ring)
rCorr    .         Rampage  .   (no ring)
Will     .....                  (no ring)
Stlth    ++........             (no ring)
HPRegen  0.07/turn              (no ring)
MPRegen  0.08/turn              (no ring)
                                (no ring)
                                (no ring)

@: mighty
A: almost no armour, stealthy swim, amphibious, 8 rings, constrict 8, camouflage
1, gelatinous body 1
a: no special abilities


You were on level 2 of the Dungeon.
You visited 1 branch of the dungeon, and saw 2 of its levels.

You collected 60 gold pieces.

Inventory:

Hand Weapons
 a - a +0 flail (weapon)
Armour
 b - a +0 kite shield (worn)
Scrolls
 d - 2 scrolls of teleportation {unknown}
 e - a scroll of immolation {unknown}
 g - a scroll of magic mapping {unknown}
Potions
 c - a potion of might
 f - a potion of haste {unknown}
 h - 2 potions of magic {unknown}


   Skills:
 + Level 3.3 Fighting
 * Level 2.9 Maces & Flails
 - Level 3.0 Dodging
 - Level 3.0 Shields


You had one spell level left.
You didn't know any spells.
Your spell library was empty.

Dungeon Overview and Level Annotations

Branches:
Dungeon (2/15)

Altars:

Annotations:
D:2 Sigmund


Innate Abilities, Weirdness & Mutations

You cannot wear most types of armour.
You are very stealthy in the water. (Stealth+)
You are amphibious.
You can wear up to eight rings at the same time.
You can use your tentacles to constrict eight enemies at once.
Your skin changes colour to match your surroundings (Stealth+).
Your rubbery body absorbs attacks. (AC +1, EV +1)


Message History

Sigmund gestures at himself while chanting.
Sigmund flickers and vanishes!
Deactivating autopickup; reactivate with Ctrl-A.
Found a stone staircase leading down.
You see here a stone.
The kobold throws a stone.
The stone closely misses you.
You hear some strange, mumbled words.
A magic dart appears from out of thin air!
The magic dart hits you.
Found a stone staircase leading up.
You closely miss something.
The kobold throws a stone.
The stone barely misses you. Something hits you! Something freezes you.
You closely miss something.
The kobold throws a stone.
The stone closely misses you. Something hits you.
* * * LOW HITPOINT WARNING * * *
Something freezes you.
* * * LOW HITPOINT WARNING * * *
Your shield prevents you from hitting something.
You sock something! You squeeze something! Something hits you.
You die...

###.#.##.<##.#........
#.#...#........#.#######
#>...............##
#.....#.....#....#
##.(.......#....$.##
#........[............
..........[#..........
##.....((#............
.......@..............
.......{.#............
#........#............
##...................
.......K....###.....
#............ ..
###......#..##
##...<.....


You could see a kobold.

Vanquished Creatures
  A dart slug (D:1)
  2 giant cockroaches (D:1)
  3 kobolds
  A quokka (D:2)
  4 bats
  A frilled lizard (D:1)
  3 goblins
  2 rats
17 creatures vanquished.

Notes
Turn   | Place    | Note
-------+----------+-------------------------------------------
     0 | D:1      | Ijustatesigmund the Octopode Fighter began the quest for
                  | the Orb.
     0 | D:1      | Reached XP level 1. HP: 16/16 MP: 1/1
   230 | D:1      | Reached XP level 2. HP: 19/21 MP: 2/2
  1004 | D:2      | Noticed Sigmund
  1010 | D:2      | HP: 1/21 [something (1)]
  1012 | D:2      | Slain by Sigmund

Illustrated notes

Levels and vault maps discovered:
D:1:      dpeg_arrival_rooms_c, layout_basic, serial_glass, glass_columns_b,
          glass_columns_c, glass_columns_c, glass_columns_b
D:2:      layout_rooms, uniq_jessica, uniq_terence, uniq_sigmund

Action                   || total
-------------------------++-------
Melee: Flail             ||    49
       Constrict         ||    11
       Tentacles         ||     6
  Use: Potion            ||     1
 Stab: Sleeping          ||     1
Armor: Skin              ||     8
Dodge: Dodged            ||    35
Block: Kite shield       ||    39
